 Dungeon Crawl Stone Soup version 0.27-a0-836-gfc908b8576 (webtiles) character file.

Game seed: 3078610178608000151

18 jestyr24 the Shield-Bearer (level 2, -1/27 HPs)
             Began as a Minotaur Fighter on Mar 31, 2021.
             Slain by a gnoll
             ... wielding a +0 spear
              (2 damage)
             ... on level 2 of the Dungeon.
             The game lasted 00:02:47 (1214 turns).

jestyr24 the Shield-Bearer (Minotaur Fighter)       Turns: 1214, Time: 00:02:49

Health: -1/27      AC:  9    Str: 20    XL:     2   Next: 51%
Magic:  1/1        EV:  5    Int:  5    God:
Gold:   27         SH:  9    Dex:  9    Spells: 1/1 levels left

rFire    . . .     SeeInvis .   a - +0 long sword
rCold    . . .     Faith    .   c - +0 kite shield
rNeg     . . .     Spirit   .   g - +0 chain mail
rPois    .         Reflect  .   (helmet restricted)
rElec    .         Harm     .   (no cloak)
rCorr    .         Rampage  .   (no gloves)
Will     .....                  (no boots)
Stlth    ..........             (no amulet)
HPRegen  0.09/turn              (no ring)
MPRegen  0.07/turn              (no ring)

@: no status effects
A: horns 2, retaliatory headbutt
a: no special abilities


You were on level 2 of the Dungeon.
You visited 1 branch of the dungeon, and saw 2 of its levels.

You collected 27 gold pieces.

Inventory:

Hand Weapons
 a - a +0 long sword (weapon)
Armour
 c - a +0 kite shield (worn)
 g - a +0 chain mail (worn)
Jewellery
 b - a +6 ring of intelligence
Scrolls
 f - a scroll of torment {unknown}
 i - a scroll of identify {unknown}
 j - a scroll of immolation {unknown}
 k - a scroll of teleportation {unknown}
Potions
 d - a potion of might
 e - a potion of curing {unknown}
 h - a potion of flight {unknown}


   Skills:
 + Level 3.9 Fighting
 + Level 2.7 Long Blades
 + Level 3.9 Armour
 + Level 4.0 Shields


You had one spell level left.
You didn't know any spells.
Your spell library contained the following spells:

 Spells                   Type           Power      Damage    Failure   Level
 Confusing Touch          Hex            0%         N/A       100%        3
 Gell's Gravitas          Tloc           0%         N/A       100%        3
 Petrify                  Tmut/Erth      0%         N/A       100%        4
 Metabolic Englaciation   Hex/Ice        0%         N/A       100%        5
 Yara's Violent Unravell  Hex/Tmut       0%         3d3       100%        5


Dungeon Overview and Level Annotations

Branches:
Dungeon (2/15)

Altars:

Shops:
D:2 !


Innate Abilities, Weirdness & Mutations

You have a pair of horns on your head.
You reflexively headbutt those who attack you in melee.


Message History

The rat is severely wounded.
You block the rat's attack.
You hit the rat.
You kill the rat!
You see here a rat corpse.
You see here a rat corpse.
There is an entrance to Xyrhemit's Distillery here.
A rat comes into view.
A rat is nearby!
A rat is nearby!
You block the rat's attack.
You see here a rat corpse.
You hit the rat.
You kill the rat!
You see here a rat corpse.
You see here a dart slug corpse. 3 gnolls come into view.
A gnoll is wielding a +0 vorpal spear.
The gnoll shouts! x2
You block the gnoll's attack.
You see here a dart slug corpse.
You see here a rat corpse.
You see here a +0 dagger.
The gnoll hits you with a +2 halberd! You block the gnoll's attack.
You hit the gnoll.
The gnoll is moderately wounded.
The gnoll hits you with a +2 halberd. The gnoll barely misses you.
The gnoll hits you with a +2 halberd.
You closely miss the gnoll. Your headbutt misses the gnoll.
The gnoll is moderately wounded.
The gnoll hits you from afar with a +0 vorpal spear.
You block the gnoll's attack. x2; The gnoll barely misses you.
The gnoll hits you with a +0 spear.
* * * LOW HITPOINT WARNING * * *
You hit the gnoll.
The gnoll is severely wounded.
You block the gnoll's attack.
The gnoll hits you from afar with a +0 vorpal spear.
* * * LOW HITPOINT WARNING * * *
x2 The gnoll hits you with a +0 spear.
You die...

........##....g......#
#######.#######.####...
#...# #.### #.### #...#
#. #######.###
####.#####.........#
#.......##.........##
#.............####
#...........
#.........###
#.........# #.........#
#.........# ###########


You could see 3 gnolls.

Vanquished Creatures
  2 dart slugs
  2 ball pythons (D:1)
  2 endoplasms (D:1)
  2 goblins
  2 bats (D:1)
  2 frilled lizards (D:1)
  A kobold (D:1)
  2 rats (D:2)
15 creatures vanquished.

Notes
Turn   | Place    | Note
-------+----------+-------------------------------------------
     0 | D:1      | jestyr24 the Minotaur Fighter began the quest for the Orb.
     0 | D:1      | Reached XP level 1. HP: 19/19 MP: 0/0
   288 | D:1      | Reached XP level 2. HP: 18/27 MP: 1/1
  1151 | D:2      | Found Xyrhemit's Distillery.
  1156 | D:2      | Reached skill level 4 in Shields
  1214 | D:2      | HP: 1/27 [gnoll/+0 vorpal spear (1)]
  1214 | D:2      | Slain by a gnoll

Illustrated notes

Levels and vault maps discovered:
D:1:      minmay_arrival_four_loops, layout_loops_corners,
          wander_ebering_terrifying_dragon_lair
D:2:      minmay_roachtagon, layout_rooms, serial_shops, shop

Skill      XL: |  1  2 |
---------------+-------+-----
Shields        | 4 |  4.0
Fighting       | |  3.9
Long Blades    | |  2.7
Armour         | |  3.9

Action                   || total
-------------------------++-------
Melee: Long sword        ||    34
       Headbutt          ||     3
Armor: Chain mail        ||    18
       Scale mail        ||     2
Dodge: Dodged            ||    12
Block: Kite shield       ||    22
       Rpst.: Long sword ||     5

Table legend: (Time is in decaauts)
 A = Elapsed time spent in this place.
 B = Non-inter-level travel time spent in this place.
 C = Inter-level travel time spent in this place.
 D = Time resting spent in this place.
 E = Time spent auto-exploring this place.
 F = Levels seen in this place.
 G = Mean time per level.
                   A        B        C        D        E       F      G
               +--------+--------+--------+--------+--------+-----+--------+
         Total |   1229 |   1144 |     85 |      0 |    908 |   2 |  614.5 |
       Dungeon |   1229 |   1144 |     85 |      0 |    908 |   2 |  614.5 |
               +--------+--------+--------+--------+--------+-----+--------+

Top non-repeatable levels by time:
     D:1: 1143 daAuts
     D:2: 86 daAuts
